 Dungeon Crawl Stone Soup version 0.29-a0-284-gf9362112df (webtiles) character file.

Game seed: 1188430942984770935

23 sokol815 the Charlatan (level 2, -2/21 HPs)
             Began as a Demonspawn Artificer on Mar 25, 2022.
             Was a Follower of Makhleb.
             Slain by Natasha (7 damage)
             ... on level 2 of the Dungeon.
             The game lasted 00:02:01 (1002 turns).

sokol815 the Charlatan (Demonspawn Artificer)       Turns: 1002, Time: 00:02:01

Health: -2/21      AC:  3    Str: 12    XL:     2   Next: 75%
Magic:  0/2        EV: 11    Int: 12    God:    Makhleb [*.....]
Gold:   66         SH:  0    Dex: 13    Spells: 1/1 levels left

rFire   . . .      SeeInvis .   a - +0 spear
rCold   . . .      Faith    .   (no shield)
rNeg    . . .      Spirit   +   b - +0 leather armour
rPois   .          Reflect  .   (no helmet)
rElec   .          Harm     .   (no cloak)
rCorr   .          Rampage  .   (no gloves)
Will    .....                   (no boots)
Stlth   +.........              h - amulet of guardian spirit
HPRegen 0.07/turn               (no ring)
MPRegen 0.08/turn               (no ring)

@: slowed, very slow
A: ignite blood 1
a: Renounce Religion


You were on level 2 of the Dungeon.
You worshipped Makhleb.
Makhleb was aware of your devotion.
You visited 1 branch of the dungeon, and saw 2 of its levels.

You collected 66 gold pieces.

Inventory:

Hand Weapons
 a - a +0 spear (weapon)
   (You found it on level 1 of the Dungeon)
 c - a +0 club
Missiles
 s - 55 stones (quivered)
Armour
 b - a +0 leather armour (worn)
Jewellery
 h - an amulet of guardian spirit (around neck)
   (You found it on level 1 of the Dungeon)
Wands
 d - a wand of iceblast (9)
 e - a wand of charming (15)
 q - a wand of flame (15)
Scrolls
 f - 3 scrolls of identify {unknown}
 g - 2 scrolls of noise {unknown}
 i - a scroll of teleportation {unknown}
 j - a scroll of holy word {unknown}
Potions
 k - a potion of heal wounds {unknown}


   Skills:
 - Level 1.0 Fighting
 + Level 2.2 Polearms
 - Level 1.7 Armour
 - Level 0.8 Dodging
 - Level 0.8 Stealth
 - Level 3.0 Evocations


You had one spell level left.
You didn't know any spells.
Your spell library was empty.

Dungeon Overview and Level Annotations

Branches:
Dungeon (2/15)

Altars:
Makhleb
Ru

Annotations:
D:2 Natasha


Innate Abilities, Weirdness & Mutations

Your demonic aura sometimes causes spilled blood to erupt in flames.


Message History

A quokka comes into view.
Found a sacrificial altar of Ru.
You see here a scroll labelled OTINIA LEYKLA.
g - 2 scrolls labelled OTINIA LEYKLA (gained 1)
You throw a stone. The stone misses the quokka.
You throw a stone. The stone closely misses the quokka.
You reach to attack!
You hit the quokka but do no damage. You miss the quokka.
Your punch misses the quokka. The quokka barely misses you.
You hit the quokka but do no damage. The quokka misses you.
You closely miss the quokka. The quokka barely misses you.
You closely miss the quokka. The quokka bites you.
The quokka barely misses you.
You take 2 damage, and have 19/21 hp.
You barely miss the quokka. The quokka bites you.
You take 3 damage, and have 16/21 hp.
You hit the quokka. The quokka completely misses you.
You miss the quokka. The quokka bites you.
You take 2 damage, and have 14/21 hp.
You barely miss the quokka. The quokka bites you.
You take 1 damage, and have 13/21 hp.
You closely miss the quokka. The quokka misses you. x2
You barely miss the quokka. The quokka closely misses you.
You closely miss the quokka. The quokka closely misses you.
You hit the quokka.
You kill the quokka!
Makhleb accepts your kill.
You see here a quokka corpse.
You start resting.
A hobgoblin comes into view.
You regained 3 hp, and now have 16/21 hp.
A hobgoblin is nearby!
You throw a stone. The stone closely misses the hobgoblin.
You throw a stone.
The stone hits the hobgoblin but does no damage.
There is a stone staircase leading up here.
You climb upwards.
There is a stone staircase leading down here.
You start resting.
Health restored: 21 You climb downwards.
The hobgoblin hits you.
There is a stone staircase leading up here.
You take 2 damage, and have 19/21 hp.
You hit the hobgoblin. The hobgoblin barely misses you.
You hit the hobgoblin but do no damage.
The hobgoblin hits you but does no damage.
You hit the hobgoblin.
You kill the hobgoblin!
Makhleb accepts your kill.
No target in view!
No target in view!
f - 3 scrolls labelled URUMEO QEPS (gained 1)
You see here a hobgoblin corpse.
Health restored: 21 A bat comes into view.
You throw a stone. The stone closely misses the bat.
The bat closely misses you.
You hit the bat but do no damage. The bat barely misses you.
The bat hits you but does no damage.
You reach to attack!
You hit the bat.
You kill the bat!
Makhleb accepts your kill.
No target in view!
No target in view!
A rat comes into view.
You see here a bat corpse.
You reach to attack!
You closely miss the rat. You closely miss the rat. The rat barely misses you.
You hit the rat.
You kill the rat!
Makhleb accepts your kill.
No target in view!
No target in view!
s - 51 stones (gained 1)
s - 53 stones (gained 2)
s - 54 stones (gained 1)
s - 55 stones (gained 1)
You now have 66 gold pieces (gained 9).
Natasha and an endoplasm come into view.
Natasha hisses angrily.
You reach to attack!
You hit Natasha. You hit Natasha. Natasha claws you.
You take 2 damage, and have 19/21 hp.
You closely miss Natasha.
Natasha stares at you and mumbles some strange words.
You feel yourself slow down.
You closely miss Natasha. Natasha barely misses you.
You barely miss Natasha. Natasha claws you. Natasha claws you!
You take 10 damage, and have 9/21 hp.
MASSIVE DAMAGE!!
You now have 1/2 mp.
You closely miss Natasha. Natasha casts a spell at you.
You resist with significant effort.
You hit Natasha.
Natasha stares at you and mumbles some strange words.
The magic dart hits you.
* * * LOW HITPOINT WARNING * * *
Natasha claws you!
You die...

.....####......# .
........#......# ..
#.##.##.#......## ...
#?##.##...<.>...# ....
#.##.###.††...#.#
.....###.##.##.......#
...h.....##..†.#.....#
...###h.#...###.....#
##@...#.###.......
#...###..##....#.##
........# ##.#######.#
...#.##.. .# .# ... #.
..#. .# .. ## ....# .#
. ..#. # .# (. .. ..
##. .. .#


You could see Natasha.

Vanquished Creatures
  A ball python (D:1)
  2 bats
  An endoplasm (D:1)
  3 giant cockroaches (D:1)
  5 hobgoblins
  A kobold (D:1)
  A quokka (D:2)
  2 frilled lizards (D:1)
  4 rats
20 creatures vanquished.

Vanquished Creatures (others)
  2 demonic plants (D:1)
  A fungus (D:1)
  A plant (D:1)
  A withered plant (D:1)
5 creatures vanquished.

Grand Total: 25 creatures vanquished

Notes
Turn   | Place    | Note
-------+----------+-------------------------------------------
     0 | D:1      | sokol815 the Demonspawn Artificer began the quest for the
                  | Orb.
     0 | D:1      | Reached XP level 1. HP: 15/15 MP: 1/1
   133 | D:1      | Reached skill level 1 in Polearms
   294 | D:1      | Gained mutation: Your demonic aura sometimes causes spilled
                  | blood to erupt in flames. [demonic ancestry]
   294 | D:1      | Reached XP level 2. HP: 21/21 MP: 2/2
   558 | D:1      | Reached skill level 2 in Polearms
   660 | D:1      | Found a faded altar of an unknown god.
   750 | D:1      | Prayed at the altar of an unknown god.
   750 | D:1      | Became a worshipper of Makhleb the Destroyer
   750 | D:1      | Reached * piety under Makhleb
   811 | D:2      | Found a sacrificial altar of Ru.
   992 | D:2      | Noticed Natasha
  1002 | D:2      | HP: 5/21 [Natasha/magic dart (4)]
  1002 | D:2      | Slain by Natasha

Illustrated notes

Levels and vault maps discovered:
D:1:      saegor_arrival_under_anarchy, layout_basic,
          shapermc_ecumenical_altar_gd
D:2:      layout_rooms, basic_altar, minmay_misc_feat_secret_circle,
          uniq_sigmund, uniq_natasha, uniq_robin

Skill      XL: |  1  2 |
---------------+-------+-----
Polearms       | 1 2 |  2.2
Fighting       | |  1.0
Armour         | |  1.7
Dodging        | |  0.8
Stealth        | |  0.8
Evocations     | |  3.0

Action                   || total
-------------------------++-------
Melee: Spear             ||    64
Throw: Stone             ||    52
Armor: Leather armour    ||     9
Dodge: Dodged            ||    24

Table legend: (Time is in decaauts)
 A = Elapsed time spent in this place.
 B = Non-inter-level travel time spent in this place.
 C = Inter-level travel time spent in this place.
 D = Time resting spent in this place.
 E = Time spent auto-exploring this place.
 F = Levels seen in this place.
 G = Mean time per level.
                   A        B        C        D        E       F      G
               +--------+--------+--------+--------+--------+-----+--------+
         Total |   1009 |    962 |     47 |     97 |    673 |   2 |  504.5 |
       Dungeon |   1009 |    962 |     47 |     97 |    673 |   2 |  504.5 |
               +--------+--------+--------+--------+--------+-----+--------+

Top non-repeatable levels by time:
     D:1: 872 daAuts
     D:2: 137 daAuts

Table legend:
 A = Kills in this place as a percentage of kills in entire the game.
 B = Kills by you in this place as a percentage of kills by you in the entire game.
 C = Kills by friends in this place as a percentage of kills by friends in the entire game.
 D = Other kills in this place as a percentage of other kills in the entire game.
 E = Experience gained in this place as a percentage of experience gained in the entire game.
 F = Experience gained in this place divided by the number of levels of this place that you have seen.
                   A       B       C       D       E      F
               +-------+-------+-------+-------+-------+----------------------
         Total | 100.0 | 100.0 |   N/A |   N/A | 100.0 |  17.0
       Dungeon | 100.0 | 100.0 |   N/A |   N/A | 100.0 |  17.0
               +-------+-------+-------+-------+-------+----------------------
